 Dungeon Crawl Stone Soup version 0.29-a0-352-g0917bc69df (webtiles) character file.

Game seed: 16012141490110926660

2546 spaghetti the Firebug (level 9, -4/66 HPs)
             Began as a Gnoll Wanderer on Apr 24, 2022.
             Slain by a killer bee (8 damage)
             ... on level 7 of the Dungeon.
             The game lasted 00:14:25 (8915 turns).

spaghetti the Firebug (Gnoll Wanderer)              Turns: 8915, Time: 00:14:25

Health: -4/66      AC:  5    Str:  8    XL:     9   Next: 55%
Magic:  5/5        EV: 15    Int: 17    God:
Gold:   370        SH:  0    Dex: 18    Spells: 14/18 levels left

rFire   . . .      SeeInvis .   b - +9 battleaxe of the Hundredfold Knaves {antimagic, Fly Str-2 Dex+6, axe}
rCold   . . .      Faith    .   (shield currently unavailable)
rNeg    . . .      Spirit   .   e - +0 robe
rPois   .          Reflect  .   l - +1 helmet
rElec   .          Harm     .   s - +0 cloak
rCorr   .          Rampage  .   (no gloves)
Will    +....                   (no boots)
Stlth   +++.......              (no amulet)
HPRegen 0.21/turn               i - ring of willpower
MPRegen 0.09/turn               (no ring)

@: lethally poisoned (-4 -> -7), flying
A: fangs 1, strong nose, distributed training
a: no special abilities


You were on level 7 of the Dungeon.
You visited 1 branch of the dungeon, and saw 7 of its levels.

You collected 370 gold pieces.


Innate Abilities, Weirdness & Mutations

You have very sharp teeth.
Your uncanny sense of smell can sniff out nearby items.
Your experience applies equally to all skills.


   Skills:
 + Level 4.3 Fighting
 + Level 6.4 Short Blades
 + Level 4.3 Long Blades
 + Level 4.3 Axes
 + Level 4.3 Maces & Flails
 + Level 4.3 Polearms
 + Level 4.3 Staves
 + Level 4.3 Slings
 + Level 4.3 Bows
 + Level 4.3 Crossbows
 + Level 6.4 Throwing
 + Level 4.3 Armour
 + Level 5.1 Dodging
 + Level 4.3 Stealth
 + Level 4.3 Shields
 + Level 4.3 Unarmed Combat
 + Level 5.2 Spellcasting
 + Level 3.6 Conjurations
 + Level 3.6 Hexes
 + Level 3.6 Summonings
 + Level 3.6 Necromancy
 + Level 3.6 Translocations
 + Level 3.6 Transmutations
 + Level 6.6 Fire Magic
 + Level 3.6 Ice Magic
 + Level 3.6 Air Magic
 + Level 3.6 Earth Magic
 + Level 3.6 Poison Magic
 + Level 5.5 Invocations
 + Level 4.3 Evocations


You had 14 spell levels left.
You knew the following spells:

 Your Spells              Type           Power      Damage    Failure   Level
a - Foxfire               Conj/Fire      84%        2x1d8     1%          1
b - Inner Flame           Hex/Fire       21%        N/A       4%          3

Your spell library contained the following spells:

 Spells                   Type           Power      Damage    Failure   Level
 Animate Skeleton         Necr           32%        N/A       3%          1
 Apportation              Tloc           32%        N/A       3%          1
 Magic Dart               Conj           64%        1d6       3%          1
 Summon Small Mammal      Summ           64%        N/A       3%          1
 Call Imp                 Summ           16%        N/A       4%          2
 Ensorcelled Hibernation  Hex/Ice        32%        N/A       4%          2
 Conjure Flame            Conj/Fire      21%        6-21      4%          3
 Frozen Ramparts          Ice            32%        1d5       10%         3
 Mephitic Cloud           Conj/Pois/Air  16%        N/A       10%         3
 Spider Form              Tmut/Pois      16%        N/A       10%         3
 Anguish                  Hex/Necr       8%         N/A       30%         4
 Ice Form                 Ice/Tmut       16%        N/A       30%         4
 Summon Ice Beast         Ice/Summ       16%        N/A       30%         4

Inventory:

Hand Weapons
 a - the +8 hunting sling "Ocsunt" {vorpal, rElec rF+, sling}
   (You found it on level 4 of the Dungeon)

   Any ammunition fired from it inflicts extra damage upon your enemies.
   rF:        It protects you from fire.
   rElec:     It insulates you from electricity.
 b - the +9 battleaxe of the Hundredfold Knaves (weapon) {antimagic, Fly Str-2 Dex+6, axe}
   (You acquired it on level 3 of the Dungeon)

   It reduces the magical energy of the wielder, and disrupts the spells and
   magical abilities of those it strikes.
   Natural abilities and divine invocations are not affected.
   Str:       It affects your strength (-2).
   Dex:       It affects your dexterity (+6).
   Fly:       It grants you flight.
 c - a +0 dagger {short}
 o - a +0 hunting sling of freezing {sling}
   (You found it on level 2 of the Dungeon)
 p - a +0 dagger of venom {short}
   (You took it off an orc wizard on level 4 of the Dungeon)
 r - a +0 short sword {short}
 t - a +0 hand axe of flaming {axe}
   (You took it off an orc on level 4 of the Dungeon)
 u - a +2 dagger of flaming {short}
   (You took it off an orc on level 4 of the Dungeon)
 v - a +1 dagger of electrocution {short}
   (You took it off a goblin on level 4 of the Dungeon)
Missiles
 h - 189 stones (quivered) {throwing}
 j - 2 silver boomerangs {throwing}
 y - 11 boomerangs {throwing}
 B - a throwing net {=f!fthrowing}
 D - 3 poisoned darts {throwing}
Armour
 e - a +0 robe (worn)
 l - a +1 helmet (worn)
   (You found it on level 1 of the Dungeon)
 n - an orb of energy
   (You found it on level 1 of the Dungeon)
 s - a +0 cloak (worn)
   (You found it on level 4 of the Dungeon)
Jewellery
 i - a ring of willpower (left hand)
   (You found it on level 1 of the Dungeon)
 E - a ring of poison resistance
   (You found it on level 6 of the Dungeon)
Scrolls
 d - 2 scrolls of blinking {!r}
 f - 3 scrolls of teleportation {@r4}
 g - a scroll of enchant weapon
 m - a scroll of fog
 q - 2 scrolls of magic mapping {!r}
 w - 3 scrolls of noise {!r}
 z - 2 scrolls of brand weapon {unknown}
 A - a scroll of silence {unknown}
Potions
 G - a potion of flight {unknown}

Dungeon Overview and Level Annotations

Branches:
Dungeon (7/15)             Temple (0/1) D:6

Altars:
Wu Jian

Annotations:
D:5 1 runed translucent door, Crazy Yiuf .... .# . ... .#.# #.. #.#. #.. ... ..#.. yhy

#y# #@###.#
#..##.##########
##.##.#........#
#..#.#........#
##.#.#........#
#####.#.#........#
#.....#.#........#
#.....'.'........#
#.....#.#........#


You could see a hound and 3 killer bees.


Message History

The killer bee stings you but does no damage.
You shoot a sling bullet. The sling bullet hits the killer bee.
You kill the killer bee!
You shoot a sling bullet. The sling bullet hits the killer bee.
The killer bee buzzes angrily.
A killer bee comes into view. x4
The killer bee moves out of view. x2
You shoot a sling bullet. The killer bee buzzes angrily. x2
The sling bullet hits the killer bee.
You hear an angry buzzing noise.
A hound comes into view.
The hound barks!
You shoot a sling bullet. The sling bullet hits the killer bee.
You hear an angry buzzing noise.
The killer bee stings you. The killer bee misses you.
You shoot a sling bullet. The sling bullet hits the killer bee!
You kill the killer bee!
The killer bee stings you but does no damage.
The killer bee closely misses you.
You shoot a sling bullet. The sling bullet hits the killer bee.
The killer bee stings you!
You are poisoned.
The killer bee poisons you! The killer bee barely misses you.
You are too injured to fight recklessly! 😕 HP[-7]
You now have 66 max hp (+1).
You take 7 damage, and now have 58/66 hp.
You feel weaker.
You feel agile.
You fly up into the air.
You feel magic leave you.
b - the +9 battleaxe of the Hundredfold Knaves (weapon)
{antimagic, Fly Str-2 Dex+6, axe} You feel sick.
The killer bee barely misses you. 😕 HP[-2] MP[-11]
You take 2 damage, and now have 56/66 hp.
You slash the killer bee!
You kill the killer bee!
You feel very sick. The killer bee stings you. x2
You are more poisoned.
The killer bee poisons you! 😮 HP[-13]
You take 13 damage, and now have 43/66 hp.
Unknown command.
You barely miss the killer bee.
You feel very sick. The killer bee stings you.
The killer bee stings you but does no damage.
The killer bee misses you.
A necrophage comes into view. 😮 HP[-9]
You take 9 damage, and now have 34/66 hp.
You miss the killer bee.
You feel very sick. The killer bee stings you!
* * * LOW HITPOINT WARNING * * *
You are more poisoned.
The killer bee poisons you! The killer bee stings you!
* * * LOW HITPOINT WARNING * * *
You are more poisoned.
The killer bee poisons you!
The killer bee barely misses you. 😨 HP[-17]
You take 17 damage, and now have 17/66 hp.
MASSIVE DAMAGE!! (PAUSE)
You feel better. The killer bee stings you.
* * * LOW HITPOINT WARNING * * *
You are poisoned.
The killer bee poisons you!
The killer bee closely misses you. 😨 HP[+4]
You regained 4 hp, and now have 21/66 hp.
It was a potion of might.
You feel very mighty all of a sudden.
You feel sick. The killer bee barely misses you. The killer bee stings you!
* * * LOW HITPOINT WARNING * * *
😱 HP[-10]
You take 10 damage, and now have 11/66 hp.
You feel better. The killer bee stings you.
* * * LOW HITPOINT WARNING * * *
You are poisoned.
The killer bee poisons you! The killer bee stings you.
* * * LOW HITPOINT WARNING * * *
😱 HP[+3]
You regained 3 hp, and now have 14/66 hp.
Unknown command.
Unknown command.
It was a potion of resistance.
You feel protected.
You feel sick. The killer bee closely misses you.
The killer bee barely misses you. 😱 HP[-2]
You take 2 damage, and now have 12/66 hp.
It was a potion of cancellation.
Your magical effects are unravelling.
You feel magically purged.
You feel a little less mighty now.
Your resistance to elements expires.
You feel sick. The killer bee stings you!
* * * LOW HITPOINT WARNING * * *
The killer bee stings you!
You die...

Skill      XL: |  1  2  3  4  5  6  7  8  9 |
---------------+----------------------------+-----
Fighting       | 1 3 4 |  4.3
Long Blades    | 1 3 4 |  4.3
Axes           | 1 3 4 |  4.3
Maces & Flails | 1 3 4 |  4.3
Polearms       | 1 3 4 |  4.3
Staves         | 1 3 4 |  4.3
Slings         | 1 3 4 |  4.3
Bows           | 1 3 4 |  4.3
Crossbows      | 1 3 4 |  4.3
Armour         | 1 3 4 |  4.3
Stealth        | 1 3 4 |  4.3
Shields        | 1 3 4 |  4.3
Unarmed Combat | 1 3 4 |  4.3
Evocations     | 1 3 4 |  4.3
Spellcasting   | 3 4 5 |  5.2
Conjurations   | 1 2 3 |  3.6
Hexes          | 1 2 3 |  3.6
Summonings     | 1 2 3 |  3.6
Necromancy     | 1 2 3 |  3.6
Translocations | 1 2 3 |  3.6
Transmutations | 1 2 3 |  3.6
Ice Magic      | 1 2 3 |  3.6
Air Magic      | 1 2 3 |  3.6
Earth Magic    | 1 2 3 |  3.6
Poison Magic   | 1 2 3 |  3.6
Invocations    | 3 4 5 |  5.5
Dodging        | 3 4 5 |  5.1
Short Blades   | 5 6 |  6.4
Throwing       | 5 6 |  6.4
Fire Magic     | 6 |  6.6

Action                   |  1- 3 |  4- 6 |  7- 9 || total
-------------------------+-------+-------+-------++-------
Melee: Short sword       |    47 |    58 |     3 ||   108
       Bite              |     3 |     5 |     6 ||    14
       Punch             |       |     1 |       ||     1
       Battleaxe         |       |       |    49 ||    49
 Fire: Hunting sling     |       |       |    96 ||    96
Throw: Stone             |       |     6 |       ||     6
       Boomerang         |       |     1 |       ||     1
 Cast: Foxfire           |    51 |   139 |    11 ||   201
       Inner Flame       |       |     2 |       ||     2
  Use: Potion            |       |    10 |     5 ||    15
       Scroll            |       |    12 |     3 ||    15
 Stab: Sleeping          |     1 |       |       ||     1
       Fleeing           |       |     1 |       ||     1
Armor: Robe              |    14 |    24 |    17 ||    55
Dodge: Dodged            |    35 |    77 |    66 ||   178

Levels and vault maps discovered:
D:1:      tarquinn_simple_flora_water_a, layout_rooms, minmay_splitting_lines
D:2:      layout_loops_ring, serial_co_window_serial,
          co_window_of_opportunity_a, co_window_paths_b, co_window_corner_a,
          co_window_paths_a, co_window_paths_a, co_window_2corner,
          co_window_2corner, co_window_of_opportunity_b, co_window_2corner,
          co_window_paths_d, co_window_paths_e, minmay_misc_feat_x,
          minmay_pentomino_q4
D:3:      layout_loops_cross, dilly_ecumenical_altar_fadedgnrine
D:4:      minmay_angry_zag, layout_cave_pods, minmay_ruptured
D:5:      layout_basic, kennysheep_generic_room_11, uniq_crazy_yiuf_cottage
D:6:      layout_cave_pools, nicolae_wu_jian_immortal_techniques,
          minmay_temple_entry_glassed_door, uniq_edmund
D:7:      layout_basic, xom_redecorated, lemuel_flamethrower_2

Notes
Turn   | Place    | Note
-------+----------+-------------------------------------------
     0 | D:1      | spaghetti the Gnoll Wanderer began the quest for the Orb.
     0 | D:1      | spaghetti set off with the following items: a +0 short
                  | sword {short}, 10 boomerangs {throwing}, a +0 dagger
                  | {short}, a scroll of blinking {!r}, a +0 robe; and the
                  | following spell memorised: Foxfire; and the following
                  | spells available to memorise: Conjure Flame, Inner Flame
     0 | D:1      | Reached XP level 1. HP: 13/13 MP: 4/4
     0 | D:1      | magus.rc [v1.9.6]
   290 | D:1      | Reached XP level 2. HP: 20/20 MP: 0/5
   370 | D:1      | You pick up a book of Dreams and begin reading...
   370 | D:1      | You add the spells Ensorcelled Hibernation, Spider Form and
                  | Anguish to your library.
   944 | D:2      | Reached XP level 3. HP: 25/25 MP: 1/7
   948 | D:2      | Learned a level 3 spell: Inner Flame
  2187 | D:3      | Reached skill level 1 in Fighting
  2187 | D:3      | Reached skill level 1 in Long Blades
  2187 | D:3      | Reached skill level 1 in Axes
  2187 | D:3      | Reached skill level 1 in Maces & Flails
  2187 | D:3      | Reached skill level 1 in Polearms
  2187 | D:3      | Reached skill level 1 in Staves
  2187 | D:3      | Reached skill level 1 in Slings
  2187 | D:3      | Reached skill level 1 in Bows
  2187 | D:3      | Reached skill level 1 in Crossbows
  2187 | D:3      | Reached skill level 1 in Armour
  2187 | D:3      | Reached skill level 1 in Stealth
  2187 | D:3      | Reached skill level 1 in Shields
  2187 | D:3      | Reached skill level 1 in Unarmed Combat
  2187 | D:3      | Reached skill level 1 in Evocations
  2317 | D:3      | Reached XP level 4. HP: 32/32 MP: 4/8
  2547 | D:3      | Reached skill level 3 in Spellcasting
  2955 | D:3      | Reached skill level 1 in Conjurations
  2955 | D:3      | Reached skill level 1 in Hexes
  2955 | D:3      | Reached skill level 1 in Summonings
  2955 | D:3      | Reached skill level 1 in Necromancy
  2955 | D:3      | Reached skill level 1 in Translocations
  2955 | D:3      | Reached skill level 1 in Transmutations
  2955 | D:3      | Reached skill level 1 in Ice Magic
  2955 | D:3      | Reached skill level 1 in Air Magic
  2955 | D:3      | Reached skill level 1 in Earth Magic
  2955 | D:3      | Reached skill level 1 in Poison Magic
  2988 | D:3      | HP: 8/32 [/a scroll of torment (5)]
  2989 | D:3      | Identified a scroll of acquirement
  2989 | D:3      | Acquired the +9 battleaxe of the Hundredfold Knaves
                  | {antimagic, Fly Str-2 Dex+6}
  3336 | D:3      | HP: 3/32 [gnoll/+0 flail of protection (7)]
  3415 | D:3      | You fall into a shaft and drop 1 floor!
  3422 | D:4      | Reached skill level 3 in Invocations
  3422 | D:4      | Reached XP level 5. HP: 37/37 MP: 2/9
  3659 | D:4      | Reached skill level 3 in Dodging
  3853 | D:4      | Reached XP level 6. HP: 44/44 MP: 4/10
  4405 | D:4      | Reached skill level 2 in Fighting
  4405 | D:4      | Reached skill level 5 in Short Blades
  4405 | D:4      | Reached skill level 2 in Long Blades
  4405 | D:4      | Reached skill level 2 in Axes
  4405 | D:4      | Reached skill level 2 in Maces & Flails
  4405 | D:4      | Reached skill level 2 in Polearms
  4405 | D:4      | Reached skill level 2 in Staves
  4405 | D:4      | Reached skill level 2 in Slings
  4405 | D:4      | Reached skill level 2 in Bows
  4405 | D:4      | Reached skill level 2 in Crossbows
  4405 | D:4      | Reached skill level 5 in Throwing
  4405 | D:4      | Reached skill level 2 in Armour
  4405 | D:4      | Reached skill level 2 in Stealth
  4405 | D:4      | Reached skill level 2 in Shields
  4405 | D:4      | Reached skill level 2 in Unarmed Combat
  4405 | D:4      | Reached skill level 2 in Evocations
  4798 | D:4      | Noticed a two-headed ogre
  4833 | D:4      | Killed a two-headed ogre
  4834 | D:4      | Reached skill level 3 in Fighting
  4834 | D:4      | Reached skill level 3 in Long Blades
  4834 | D:4      | Reached skill level 3 in Axes
  4834 | D:4      | Reached skill level 3 in Maces & Flails
  4834 | D:4      | Reached skill level 3 in Polearms
  4834 | D:4      | Reached skill level 3 in Staves
  4834 | D:4      | Reached skill level 3 in Slings
  4834 | D:4      | Reached skill level 3 in Bows
  4834 | D:4      | Reached skill level 3 in Crossbows
  4834 | D:4      | Reached skill level 3 in Armour
  4834 | D:4      | Reached skill level 4 in Dodging
  4834 | D:4      | Reached skill level 3 in Stealth
  4834 | D:4      | Reached skill level 3 in Shields
  4834 | D:4      | Reached skill level 3 in Unarmed Combat
  4834 | D:4      | Reached skill level 4 in Spellcasting
  4834 | D:4      | Reached skill level 2 in Conjurations
  4834 | D:4      | Reached skill level 2 in Hexes
  4834 | D:4      | Reached skill level 2 in Summonings
  4834 | D:4      | Reached skill level 2 in Necromancy
  4834 | D:4      | Reached skill level 2 in Translocations
  4834 | D:4      | Reached skill level 2 in Transmutations
  4834 | D:4      | Reached skill level 6 in Fire Magic
  4834 | D:4      | Reached skill level 2 in Ice Magic
  4834 | D:4      | Reached skill level 2 in Air Magic
  4834 | D:4      | Reached skill level 2 in Earth Magic
  4834 | D:4      | Reached skill level 2 in Poison Magic
  4834 | D:4      | Reached skill level 4 in Invocations
  4834 | D:4      | Reached skill level 3 in Evocations
  4834 | D:4      | Reached XP level 7. HP: 52/52 MP: 1/13
  4834 | D:4      | Reached XP level 8. HP: 58/58 MP: 1/14
  5068 | D:4      | Identified the +8 hunting sling "Ocsunt" {vorpal, rElec
                  | rF+}
  5784 | D:3      | Found a faded altar of an unknown god.
  5827 | D:5      | Entered Level 5 of the Dungeon
  6236 | D:5      | You pick up a book of Cantrips and begin reading...
  6236 | D:5      | You add the spells Animate Skeleton, Summon Small Mammal
                  | and Apportation to your library.
  6665 | D:5      | Found a runed translucent door.
  6666 | D:5      | Noticed Crazy Yiuf
  7158 | D:6      | Reached skill level 3 in Conjurations
  7158 | D:6      | Reached skill level 3 in Hexes
  7158 | D:6      | Reached skill level 3 in Summonings
  7158 | D:6      | Reached skill level 3 in Necromancy
  7158 | D:6      | Reached skill level 3 in Translocations
  7158 | D:6      | Reached skill level 3 in Transmutations
  7158 | D:6      | Reached skill level 3 in Ice Magic
  7158 | D:6      | Reached skill level 3 in Air Magic
  7158 | D:6      | Reached skill level 3 in Earth Magic
  7158 | D:6      | Reached skill level 3 in Poison Magic
  7349 | D:6      | You pick up a book of Rime and begin reading...
  7349 | D:6      | You add the spells Frozen Ramparts, Ice Form and Summon Ice
                  | Beast to your library.
  7444 | D:6      | Reached skill level 6 in Short Blades
  7444 | D:6      | Reached skill level 6 in Throwing
  7519 | D:6      | You pick up a book of Minor Magic and begin reading...
  7519 | D:6      | You add the spells Magic Dart, Call Imp and Mephitic Cloud
                  | to your library.
  7614 | D:6      | Found a staircase to the Ecumenical Temple.
  7642 | D:6      | Noticed a yak
  7642 | D:6      | Noticed a yak
  7644 | D:6      | Noticed a yak
  7644 | D:6      | Noticed a yak
  7652 | D:6      | Killed a yak
  7653 | D:6      | Reached skill level 5 in Invocations
  7653 | D:6      | Reached XP level 9. HP: 56/65 MP: 5/16
  7655 | D:6      | HP: 15/65 [yak (13)]
  7656 | D:6      | Reached skill level 4 in Fighting
  7656 | D:6      | Reached skill level 4 in Long Blades
  7656 | D:6      | Reached skill level 4 in Axes
  7656 | D:6      | Reached skill level 4 in Maces & Flails
  7656 | D:6      | Reached skill level 4 in Polearms
  7656 | D:6      | Reached skill level 4 in Staves
  7656 | D:6      | Reached skill level 4 in Slings
  7656 | D:6      | Reached skill level 4 in Bows
  7656 | D:6      | Reached skill level 4 in Crossbows
  7656 | D:6      | Reached skill level 4 in Armour
  7656 | D:6      | Reached skill level 4 in Stealth
  7656 | D:6      | Reached skill level 4 in Shields
  7656 | D:6      | Reached skill level 4 in Unarmed Combat
  7656 | D:6      | Reached skill level 4 in Evocations
  7656 | D:6      | HP: 1/65 [yak (15)]
  7657 | D:6      | Reached skill level 5 in Spellcasting
  7662 | D:6      | Reached skill level 5 in Dodging
  7729 | D:6      | Noticed Edmund
  8357 | D:6      | Killed Edmund
  8711 | D:6      | Found an ornate altar of the Wu Jian Council.
  8912 | D:7      | HP: 11/66 [killer bee (8)]
  8915 | D:7      | HP: 4/66 [killer bee (7)]
  8915 | D:7      | Slain by a killer bee

Vanquished Creatures
  A two-headed ogre (D:4)
  4 yaks (D:6)
  Edmund (D:6)
  An acid dragon (D:6)
  2 phantoms
  A necrophage (D:4)
  3 scorpions
  3 killer bees (D:7)
  5 jellies
  A gnoll shaman (D:6)
  2 hounds (D:4)
  2 iguanas
  2 orc wizards
  11 adders
  11 gnolls
  A white imp (D:6)
  An ufetubus (D:6)
  3 dart slugs
  18 orcs
  9 ball pythons
  3 endoplasms
  A giant cockroach (D:1)
  3 goblins
  3 hobgoblins
  8 jackals
  2 kobolds
  6 quokkas
  7 bats
  3 frilled lizards
  5 rats
123 creatures vanquished.

Vanquished Creatures (others)
  309 foxfires
  14 plants (D:3)
323 creatures vanquished.

Grand Total: 446 creatures vanquished

Table legend:
 A = Non-vault XP
 B = Vault XP
 C = Vault XP percentage of total XP
 D = Non-vault monster count
 E = Vault monster count
 F = Vault count percentage of total count
                 A         B        C        D         E       F
            +---------+---------+-------+---------+---------+-------
      Total |    3268 |     370 |  10.2 |     109 |      14 |  11.4
            +---------+---------+-------+---------+---------+-------
        D:1 |      31 |       0 |   0.0 |      12 |       0 |   0.0
        D:2 |      27 |       6 |  18.2 |      10 |       4 |  28.6
        D:3 |      92 |       0 |   0.0 |      21 |       0 |   0.0
        D:4 |    1106 |     154 |  12.2 |      22 |       7 |  24.1
        D:5 |     436 |      46 |   9.5 |      18 |       2 |  10.0
        D:6 |    1395 |     164 |  10.5 |      23 |       1 |   4.2
        D:7 |     181 |       0 |   0.0 |       3 |       0 |   0.0
            +---------+---------+-------+---------+---------+-------

Illustrated notes

Table legend:
 A = Kills in this place as a percentage of kills in entire the game.
 B = Kills by you in this place as a percentage of kills by you in the entire game.
 C = Kills by friends in this place as a percentage of kills by friends in the entire game.
 D = Other kills in this place as a percentage of other kills in the entire game.
 E = Experience gained in this place as a percentage of experience gained in the entire game.
 F = Experience gained in this place divided by the number of levels of this place that you have seen.
                   A       B       C       D       E      F
               +-------+-------+-------+-------+-------+----------------------
         Total | 100.0 | 100.0 |   N/A |   N/A | 100.0 | 519.7
       Dungeon | 100.0 | 100.0 |   N/A |   N/A | 100.0 | 519.7
               +-------+-------+-------+-------+-------+----------------------

Table legend: (Time is in decaauts)
 A = Elapsed time spent in this place.
 B = Non-inter-level travel time spent in this place.
 C = Inter-level travel time spent in this place.
 D = Time resting spent in this place.
 E = Time spent auto-exploring this place.
 F = Levels seen in this place.
 G = Mean time per level.
                   A        B        C        D        E       F      G
               +--------+--------+--------+--------+--------+-----+--------+
         Total |   8945 |   8652 |    293 |    652 |   7026 |   7 | 1277.9 |
       Dungeon |   8945 |   8652 |    293 |    652 |   7026 |   7 | 1277.9 |
               +--------+--------+--------+--------+--------+-----+--------+

Top non-repeatable levels by time:
     D:4: 1923 daAuts
     D:3: 1730 daAuts
     D:6: 1527 daAuts
     D:5: 1444 daAuts
     D:2: 1401 daAuts
     D:1: 757 daAuts
     D:7: 161 daAuts
